 Dungeon Crawl Stone Soup version 0.20.0-15-g7f486f2 (webtiles) character file.

47 cereshysteria the Ruffian (level 3, 0/34 HPs)
             Began as a Naga Monk on June 19, 2017.
             Succumbed to an adder's poison
             ... on level 2 of the Dungeon.
             The game lasted 00:03:35 (1413 turns).

cereshysteria the Ruffian (Naga Monk)               Turns: 1413, Time: 00:03:36

Health: 0/34       AC:  5    Str: 14    XL:     3   Next: 70%
Magic:  3/3        EV:  8    Int: 10    God:
Gold:   166        SH:  0    Dex: 13    Spells: 2/2 levels left

rFire    . . .     SeeInvis +   k - staff of cold
rCold    + . .     Gourm    .   (no shield)
rNeg     . . .     Faith    .   l - +1 scale mail
rPois    +         Spirit   .   (no helmet)
rElec    .         Reflect  .   (no cloak)
rCorr    .         Harm     .   (no gloves)
MR       .....                  (no barding)
Stlth    +.........             (no amulet)
Regen    0.2/turn               c - ring of see invisible
MPRegen  0.1/turn               (no ring)

@: lethally poisoned (0 -> -1), very slow
A: see invisible, deformed body, poison resistance, slowness 2, slow metabolism
1, spit poison 1, AC +1
a: Spit Poison


You were on level 2 of the Dungeon.
You were not hungry.

You visited 1 branch of the dungeon, and saw 2 of its levels.

You collected 166 gold pieces.

Inventory:

Armour
 a - a +0 robe
 f - a +0 leather armour
 l - a +1 scale mail (worn)
Magical Staves
 k - an uncursed staff of cold (weapon)
Jewellery
 c - a ring of see invisible (left hand)
Scrolls
 e - 2 scrolls of remove curse {unknown}
 g - a scroll of random uselessness {unknown}
 h - a scroll of enchant weapon {unknown}
 i - 2 scrolls of identify {unknown}
 j - a scroll of blinking {unknown}
 n - a scroll of teleportation {unknown}
Comestibles
 b - 4 bread rations
 m - a fruit


   Skills:
 - Level 3.0 Fighting
 - Level 2.4 Dodging
 - Level 3.0 Stealth
 + Level 4.5 Unarmed Combat


You had 2 spell levels left.
You didn't know any spells.

Dungeon Overview and Level Annotations

Branches:
Dungeon (2/15)

Altars:


Innate Abilities, Weirdness & Mutations

You cannot wear boots.
Your serpentine skin is tough. (AC +1)
You have supernaturally acute eyesight. (SInv)
Armour fits poorly on your strangely shaped body.
Your system is resistant to poisons. (rPois)
You cover ground very slowly.
You have a slow metabolism.
You can spit poison.


Message History

The adder bites you but does no damage.
You hit the adder.
You kill the adder!
There is a lethal amount of poison in your body!
There is a lethal amount of poison in your body!
Okay, then.
You eat the royal jelly.
That royal jelly was delicious!
* * * LOW HITPOINT WARNING * * *
You feel sick.
You see here a short glowing staff.
k - a short glowing staff
k - an uncursed staff of cold (weapon)
As you read the scroll labeled REOLYL CIN, it crumbles to dust.
It is a scroll of enchant armour.
Your +0 scale mail glows green for a moment.
* * * LOW HITPOINT WARNING * * *
You feel sick.
Okay, then.
You aren't carrying any potions.
You die...

#.# ##..#
........
#.####..#
........
#.......#
.......
#..####.#
.......
#..####.##
###....
#.........
......
####.#####.#
###....
#......# .#
#....
#...@..# .#
#......#
#......#
#......#
##.#####
#......#
#..?...#
#......#
#........


There were no monsters in sight!

Vanquished Creatures
  An adder (D:2)
  An ooze (D:2)
  A worm (D:2)
  A dart slug (D:2)
  A leopard gecko (D:1)
  A ball python (D:1)
  2 giant cockroaches
  A goblin (D:2)
  3 hobgoblins (D:1)
  2 jackals (D:2)
  3 bats (D:1)
  4 frilled lizards
  2 kobolds (D:1)
  6 rats
29 creatures vanquished.

Notes
Turn   | Place    | Note
-------+----------+-------------------------------------------
     0 | D:1      | cereshysteria the Naga Monk began the quest for the Orb.
     0 | D:1      | Reached XP level 1. HP: 21/21 MP: 1/1
   428 | D:1      | Reached XP level 2. HP: 28/28 MP: 2/2
   822 | D:2      | Reached skill level 4 in Unarmed Combat
   987 | D:2      | Reached XP level 3. HP: 21/34 MP: 3/3
  1406 | D:2      | HP: 1/34 [poisoned by an adder]
  1413 | D:2      | Succumbed to an adder's poison

Skill      XL: |  1  2 |
---------------+-------+-----
Unarmed Combat | 4 |  4.5
Fighting       | |  3.0
Dodging        | |  2.4
Stealth        | |  3.0

Action                   || total
-------------------------++-------
Melee: Unarmed           ||    84
       Punch             ||     1
 Abil: Spit Poison       ||    15
  Use: Potion            ||     2
       Scroll            ||     1
  Eat: Royal jelly       ||     1
       Chunk             ||     1
Armor: Leather armour    ||     6
       Scale mail        ||    23
Dodge: Dodged            ||    34
